 Dungeon Sprint DCSS version 0.31.0-1-g2c135a0 (webtiles) character file.

Game seed: 5229163206548675707

116 PurpleRed the Destroyer (level 4, -1/28 HPs)
             Began as a Deep Elf Conjurer on Mar 9, 2024.
             Succumbed to a scorpion's poison
             ... in the Dungeon (Sprint II: "The Violet Keep of Menkaure").
             The game lasted 00:00:31 (28 turns).

PurpleRed the Destroyer (Deep Elf Conjurer)           Turns: 28, Time: 00:00:32

Health: -1/28      AC:  2    Str:  4    XL:     4   Next: 69%
Magic:  5/14       EV: 12    Int: 25    God:
Gold:   0          SH:  0    Dex: 13    Spells: 15/16 levels left

rFire   . . .        (no weapon)
rCold   . . .        (no shield)
rNeg    . . .        a - +0 robe
rPois   .            (no helmet)
rElec   .            (no cloak)
rCorr   .            (no gloves)
SInv    .            (no boots)
Will    .....        (no amulet)
Stlth   ++           (no ring)
HPRegen 0.24/turn    (no ring)
MPRegen 0.14/turn

%: no teleportation
@: lethally poisoned (-1 -> -15), on berserk cooldown, hasted and slowed
A: no striking features
a: no special abilities


You were in the Dungeon.
You visited 1 branch

Inventory:

Armour
 a - a +0 robe (worn)
Scrolls
 g - a scroll of blinking
Potions
 b - 3 potions of magic
 c - a potion of curing
 d - a potion of heal wounds


   Skills:
 + Level 3.6 Fighting
 - Level 2.4 Dodging
 - Level 2.4 Stealth
 + Level 6.8 Spellcasting
 * Level 8.5 Conjurations


You had 15 spell levels left.
You knew the following spells:

 Your Spells              Type           Power      Damage    Failure   Level
a - Magic Dart            Conj           100%       1d8       1%          1

Your spell library contained the following spells:

 Spells                   Type           Power      Damage    Failure   Level
 Searing Ray              Conj           100%       2d8       1%          2
 Fulminant Prism          Conj/Alch      14%        3d8       12%         4
 Iskenderun's Mystic Bla  Conj/Tloc      29%        2d7       12%         4


Dungeon Overview and Level Annotations

Branches:
Dungeon (1/1)

Altars:


Message History

You kill the scorpion!
Your Fighting skill increases to level 3!
Your Spellcasting skill increases to level 6!
Your Conjurations skill increases to level 8!
You have reached level 4!
You feel clever.
You closely miss the scorpion. The scorpion misses you.
You barely miss the scorpion. You barely miss the scorpion.
The scorpion closely misses you.
You barely miss the scorpion. The scorpion stings you.
You are poisoned.
The scorpion poisons you!
You barely miss the scorpion.
You feel sick.
You hit the scorpion.
The scorpion is lightly wounded.
You feel sick. The scorpion closely misses you.
You hit the scorpion.
The scorpion is moderately wounded.
You feel sick. The scorpion misses you.
You hit the scorpion.
The scorpion is heavily wounded.
You feel sick. The scorpion stings you.
You hit the scorpion.
The scorpion is heavily wounded.
You feel sick. The scorpion stings you.
* * * LOW HITPOINT WARNING * * *
You hit the scorpion.
The scorpion is severely wounded.
You feel sick. The scorpion stings you.
* * * LOW HITPOINT WARNING * * *
You are more poisoned.
The scorpion poisons you!
* * * LOW HITPOINT WARNING * * *
You feel very sick.
There is a staircase leading out of the dungeon here.
You feel a strong urge to attack something.
You are no longer berserk.
You are exhausted.
You feel yourself slow down.
You die...

#+# #
##.###..#
+@<.s$#
##.###..#
#+# #


You could see a scorpion.

Vanquished Creatures
  2 scorpions (D)
2 creatures vanquished.

Notes
Turn   | Place    | Note
-------+----------+-------------------------------------------
     0 | D        | PurpleRed the Deep Elf Conjurer began the quest for the
                  | Orb.
     0 | D        | Reached XP level 1. HP: 10/10 MP: 6/6
     2 | D        | Noticed a scorpion
     2 | D        | Noticed a scorpion
     4 | D        | Noticed a scorpion
    12 | D        | Killed a scorpion
    13 | D        | Reached skill level 5 in Spellcasting
    13 | D        | Reached skill level 7 in Conjurations
    13 | D        | Reached XP level 2. HP: 18/18 MP: 3/10
    13 | D        | Reached XP level 3. HP: 22/22 MP: 3/12
    16 | D        | Killed a scorpion
    17 | D        | Reached skill level 8 in Conjurations
    17 | D        | Reached XP level 4. HP: 23/28 MP: 4/14
    27 | D        | HP: 2/42 [poisoned by a scorpion]
    28 | D        | Succumbed to a scorpion's poison

Illustrated notes

Levels and vault maps discovered:
D:        the_violet_keep_of_menkaure [sprint2_stairs_cluster_1,
          sprint2_shoproom, sprint2_temple, sprint2_basic_supplies,
          sprint2_obstacle_5, sprint2_obstacle_6, sprint2_obstacle_4,
          sprint2_obstacle_2, sprint2_obstacle_3, sprint2_timed_cluster_1,
          sprint2_smallroom_cluster_1, sprint2_smallroom_final_cluster_1,
          sprint2_transparent_cluster_1, sprint2_second_timed_cluster_1,
          sprint2_sniper_area_1, sprint2_heavy_combat_area_1,
          sprint2_mutation_trap_area_1, sprint2_forest_area_1,
          sprint2_light_combat_area_1, sprint2_behind_water_1,
          sprint2_near_end_vault_1]

Skill      XL: |  1  2  3 |
---------------+----------+-----
Fighting       | 2 3 |  3.6
Spellcasting   | 5 6 |  6.8
Conjurations   | 7 8 |  8.5
Dodging        | |  2.4
Stealth        | |  2.4

Action                     |  1- 3 |  4- 6 || total
---------------------------+-------+-------++-------
  Melee: Unarmed           |    10 |    10 ||    20
   Cast: Magic Dart        |     3 |       ||     3
    Use: Potion            |     2 |       ||     2
 Armour: Robe              |     5 |     4 ||     9
  Dodge: Dodged            |     3 |     4 ||     7
